 Dungeon Crawl Stone Soup version 0.20.1-1-g8b1a95d (webtiles) character file.

51 HammerPanzer the Skirmisher (level 3, 0/33 HPs)
             Began as a Hill Orc Fighter on Nov 5, 2017.
             Succumbed to a gnoll's poison
             ... on level 3 of the Dungeon.
             The game lasted 00:04:28 (1342 turns).

HammerPanzer the Skirmisher (Hill Orc Fighter)      Turns: 1342, Time: 00:04:29

Health: 0/33       AC:  8    Str: 18    XL:     3   Next: 83%
Magic:  3/3        EV:  7    Int:  9    God:
Gold:   39         SH:  9    Dex: 10    Spells: 2/2 levels left

rFire    . . .     SeeInvis .   a - +0 flail
rCold    . . .     Gourm    .   c - +0 shield
rNeg     . . .     Faith    .   b - +0 scale mail
rPois    .         Spirit   .   (helmet restricted)
rElec    .         Reflect  .   (no cloak)
rCorr    +         Harm     .   g - +0 pair of gloves
MR       .....                  (no boots)
Stlth    ..........             (no amulet)
Regen    0.6/turn               i - ring of resist corrosion
MPRegen  0.1/turn               (no ring)

@: lethally poisoned (0 -> -12)
A: antennae 1, regeneration 1, wild magic 1
a: no special abilities


You were on level 3 of the Dungeon.
You were not hungry.

You visited 1 branch of the dungeon, and saw 3 of its levels.

You collected 39 gold pieces.

Inventory:

Hand Weapons
 a - a +0 flail (weapon)
Armour
 b - a +0 scale mail (worn)
 c - a +0 shield (worn)
 g - a +0 pair of gloves (worn)
Jewellery
 i - a ring of resist corrosion (left hand)
Scrolls
 m - a scroll of remove curse {unknown}
 n - a scroll of identify {unknown}
Potions
 d - a potion of might
 e - a potion of cancellation
 k - a potion of brilliance {unknown}
 o - a potion of heal wounds {unknown}
 q - a potion of lignification {unknown}
 r - a potion of haste {unknown}
Comestibles
 f - a bread ration
 j - 2 meat rations
 l - 4 chunks of flesh
 p - a royal jelly


   Skills:
 + Level 4.1 Fighting
 * Level 2.9 Maces & Flails
 + Level 3.7 Armour
 - Level 0.1 Dodging
 + Level 3.8 Shields


You had 2 spell levels left.
You didn't know any spells.

Dungeon Overview and Level Annotations

Branches:
Dungeon (3/15)

Altars:


Innate Abilities, Weirdness & Mutations

You have a pair of small antennae on your head.
Your natural rate of healing is unusually fast.
Your spells are a little harder to cast, but a little more powerful.


Message History

You are lethally poisoned!
* * * LOW HITPOINT WARNING * * *
You feel sick. You block the gnoll's attack. x2
You climb downwards.
* * * LOW HITPOINT WARNING * * *
You feel sick.
Found a blackened silver wand.
Found a stone staircase leading up.
There is a stone staircase leading up here.
You aren't carrying any items that you can evoke.
It was a potion of cancellation.
You feel magically purged.
* * * LOW HITPOINT WARNING * * *
You feel sick.
The gnoll hits you with a whip of venom.
* * * LOW HITPOINT WARNING * * *
You are more poisoned.
You block the gnoll's attack.
It was a potion of mutation.
You feel extremely strange. A pair of antennae grows on your head!
You feel less in control of your magic.
You begin to heal more quickly.
You die...

#####+##
....... #.....#
#.....# +.....#
#.....# #../@.#
......gg.....#
..####.###.....
#. ...# #. ..#
#. <# #. # #.


You could see 2 gnolls.

Vanquished Creatures
  An adder (D:2)
  A worm (D:2)
  A leopard gecko (D:1)
  3 ball pythons
  5 bats
  2 giant cockroaches
  4 goblins
  3 hobgoblins
  5 frilled lizards
  6 kobolds
  4 rats
35 creatures vanquished.

Notes
Turn   | Place    | Note
-------+----------+-------------------------------------------
     0 | D:1      | HammerPanzer the Hill Orc Fighter began the quest for the Orb.
     0 | D:1      | Reached XP level 1. HP: 19/19 MP: 1/1
   247 | D:1      | Reached XP level 2. HP: 27/27 MP: 2/2
   517 | D:1      | Reached skill level 4 in Fighting
   703 | D:1      | Reached XP level 3. HP: 33/33 MP: 3/3
  1341 | D:3      | HP: 1/33 [gnoll/whip of venom (1)]
  1342 | D:3      | Gained mutation: You have a pair of small antennae on your head. [potion of mutation]
  1342 | D:3      | Gained mutation: Your spells are a little harder to cast, but a little more powerful. [potion of mutation]
  1342 | D:3      | Gained mutation: Your natural rate of healing is unusually fast. [potion of mutation]
  1342 | D:3      | Succumbed to a gnoll's poison

Skill      XL: |  1  2 |
---------------+-------+-----
Fighting       | 4 |  4.1
Maces & Flails | |  2.9
Armour         | |  3.7
Dodging        | |  0.1
Shields        | |  3.8

Action                   || total
-------------------------++-------
Melee: Flail             ||   154
  Use: Potion            ||     2
  Eat: Chunk             ||     2
Armor: Scale mail        ||    90
Dodge: Dodged            ||    65
Block: Shield            ||    91
